Map: [ESL] Alcyone

Players

Dolan - Winner!

  • Race: Terran Terran
  • Spawn Location: 1:00

Nina

  • Race: Protoss Protoss
  • Spawn Location: 7:00

Event: ESL SC2 Masters 2023 Winter (Regional)

VOD

Have the link to the VOD?

Description

Time

  • Played on: Nov. 3, 2023, 2:24 p.m.
  • Length: 8:04

All games in this series

Show
View Real Time Build Order
Export as new Build Order

Dolan Terran - Winner!

Build Orders: Mech 

Get SALT Encoding   

  12  0:00  SCV  
  13  0:12  SCV  
  14  0:16  Supply Depot  
  14  0:24  SCV  
  15  0:38  SCV  
  15  0:39  Barracks  
  15  0:42  Refinery  
  16  0:50  SCV  
  16  0:54  Refinery  
  17  1:02  SCV  
  17  1:03  Supply Depot  
  18  1:14  SCV  
  19  1:27  Orbital Command, Reaper  
  20  1:41  Factory  
  20  1:54  SCV  
  21  1:59  Barracks Reactor  
  21  2:06  SCV  
  22  2:17  Command Center  
  22  2:20  SCV  
  23  2:27  Hellion  
  25  2:32  SCV  
  25  2:35  Reaper x2  
  28  2:37  Supply Depot  
  28  2:44  SCV  
  28  2:48  Hellion  
  31  2:58  Starport  
  31  3:15  SCV  
  32  3:27  Barracks Tech Lab  
  32  3:33  SCV  
  32  3:34  Cyclone x2  
  37  3:37  Refinery  
  37  3:45  SCV  
  38  3:57  Raven, SCV  
  38  4:01  Orbital Command  
  40  4:05  Supply Depot  
  40  4:07  Refinery  
  40  4:08  Cyclone x2  
  40  4:09  Interference Matrix, SCV  
  45  4:20  Barracks Tech Lab  
  45  4:21  SCV  
  46  4:30  SCV  
  47  4:33  Raven, SCV  
  50  4:42  SCV, Supply Depot  
  50  4:44  Cyclone  
  50  4:45  Cyclone  
  55  4:46  SCV  
  56  4:55  SCV  
  56  4:58  SCV  
  58  5:05  Factory  
  58  5:06  Factory  
  58  5:07  SCV  
  58  5:10  SCV  
  58  5:13  Factory  
  60  5:18  Barracks Reactor  
  60  5:23  Hellion x2  
  60  5:27  Supply Depot  
  64  5:30  SCV  
  64  5:33  SCV  
  66  5:37  Starport Reactor  
  66  5:42  Supply Depot  
  66  5:44  SCV  
  66  5:45  SCV  
  68  5:51  Supply Depot  
  68  5:57  Siege Tank  
  68  5:58  Siege Tank  
  74  6:05  Infernal Pre-Igniter, SCV x2  
  76  6:14  Supply Depot  
  76  6:17  Hellion x4  
  84  6:23  SCV x2  
  86  6:30  Siege Tank x2  
  91  6:43  Liberator x2  
  91  6:45  Hellion x2  
  101  6:50  Hellion x2  
  101  6:51  Supply Depot  
  105  7:08  SCV x2  
  105  7:09  Siege Tank  
  105  7:13  Siege Tank, Hellion x2  
  105  7:14  Supply Depot  
  105  7:15  Supply Depot  
Show
View Real Time Build Order
Export as new Build Order

Nina Protoss 

Build Orders: 1 Gate Expand 

Get SALT Encoding   

  12  0:00  Probe  
  13  0:12  Probe  
  14  0:18  Pylon  
  14  0:24  Probe (Chrono Boost)  
  15  0:36  Probe (Chrono Boost)  
  15  0:37  Gateway  
  16  0:45  Probe (Chrono Boost)  
  16  0:46  Assimilator  
  17  0:51  Probe  
  18  1:03  Probe  
  19  1:15  Probe  
  20  1:26  Cybernetics Core  
  20  1:33  Nexus  
  20  1:40  Pylon  
  20  1:43  Probe  
  21  1:50  Assimilator  
  21  1:55  Probe  
  21  1:59  Adept (Chrono Boost)  
  22  2:07  Probe  
  25  2:16  Warp Gate  
  25  2:19  Probe, Stalker (Chrono Boost)  
  28  2:31  Probe  
  29  2:38  Shield Battery  
  29  2:43  Stalker  
  31  2:45  Probe  
  31  2:49  Robotics Facility  
  31  2:51  Probe  
  33  2:57  Probe  
  34  3:03  Probe  
  35  3:09  Probe  
  34  3:13  Stalker (Chrono Boost)  
  34  3:15  Probe  
  34  3:16  Shield Battery  
  37  3:21  Probe  
  38  3:27  Probe  
  38  3:30  Gateway  
  38  3:33  Probe  
  40  3:37  Gateway  
  40  3:39  Probe  
  40  3:41  Observer  
  42  3:45  Probe  
  43  3:51  Probe  
  44  3:57  Probe  
  44  4:02  Assimilator  
  45  4:04  Observer, Assimilator, Robotics Bay  
  45  4:07  Pylon  
  46  4:12  Pylon  
  46  4:17  Forge  
  46  4:21  Pylon  
  46  4:27  Probe (Chrono Boost)  
  46  4:30  Stalker, Probe (Chrono Boost)  
  49  4:31  Stalker  
  49  4:33  Probe (Chrono Boost)  
  53  4:41  Pylon  
  53  4:43  Probe (Chrono Boost)  
  53  4:44  Probe (Chrono Boost)  
  53  4:45  Sentry  
  56  4:46  Protoss Ground Weapons Level 1 (Chrono Boost)  
  56  4:48  Pylon  
  56  4:51  Probe  
  56  4:52  Disruptor (Chrono Boost)  
  57  4:53  Probe  
  57  4:57  Phoenix  
  62  5:03  Probe  
  63  5:09  Sentry  
  63  5:11  Probe  
  65  5:14  Twilight Council  
  65  5:25  Nexus  
  65  5:26  Pylon  
  65  5:29  Immortal (Chrono Boost)  
  65  5:34  Probe  
  70  5:35  Probe  
  70  5:40  Gateway  
  71  5:46  Shield Battery, Probe  
  71  5:48  Probe  
  73  5:50  Blink  
  73  5:57  Robotics Facility  
  73  6:00  Probe (Chrono Boost)  
  73  6:01  Probe (Chrono Boost)  
  75  6:11  Immortal, Probe (Chrono Boost)  
  81  6:14  Probe (Chrono Boost)  
  81  6:16  Probe (Chrono Boost)  
  82  6:22  Probe  
  83  6:28  Nexus  
  83  6:31  Probe (Chrono Boost)  
  84  6:36  Pylon  
  84  6:37  Pylon  
  84  6:38  Probe (Chrono Boost)  
  86  6:43  Probe x2 (Chrono Boost)  
  86  6:46  Immortal  
  89  6:51  Probe (Chrono Boost)  
  90  7:02  Probe  
  90  7:03  Stalker x4  
  90  7:04  Probe  
  90  7:06  Pylon  
  100  7:12  Immortal  
  100  7:14  Probe  
  100  7:15  Probe  
  106  7:21  Pylon  
  106  7:27  Shield Battery  
  106  7:28  Pylon  
  106  7:32  Templar Archives  
  100  7:42  Stalker x3  
  84  7:44  Zealot  
Tags
 
Add a new tag
Caveats
  • Supply blocks, unpowered buildings, or Contaminate may cause inaccurate times.
  • Supply counts are checked every 10 seconds.